 Dungeon Sprint DCSS version 0.29-a0-723-gce39da1c22 (webtiles) character file.

Game seed: 11061127093948209104

107 zeratav the Covert (level 4, -7/28 HPs)
             Began as a Spriggan Brigand on June 28, 2022.
             Mangled by Sigmund
             ... wielding a +0 scythe
              (12 damage)
             ... in the Dungeon (Sprint I: "Red Sonja").
             The game lasted 00:01:28 (487 turns).

zeratav the Covert (Spriggan Brigand)                Turns: 487, Time: 00:01:28

Health: -7/28      AC:  0    Str:  7    XL:     4   Next: 57%
Magic:  5/5        EV: 19    Int: 12    God:
Gold:   54         SH:  0    Dex: 23    Spells: 3/3 levels left

rFire   . . .      SeeInvis +   (weapon currently unavailable)
rCold   . . .      Faith    .   (shield currently unavailable)
rNeg    . . .      Spirit   .   (body armour currently unavailable)
rPois   .          Reflect  .   (helmet currently unavailable)
rElec   .          Harm     .   (cloak currently unavailable)
rCorr   .          Rampage  .   (gloves unavailable)
Will    .....      NoTele   +   (boots unavailable)
Stlth   +++++.....              (no amulet)
HPRegen 0.09/turn               (ring currently unavailable)
MPRegen 0.09/turn               (ring currently unavailable)

@: bat-form (expiring), flying, very quick
A: fast, flying, no casting, tiny, no large weapons, unfitting armour, see
invisible, (speed 3)
a: no special abilities


You were in the Dungeon.
You were a bat.
You visited 1 branch You collected 54 gold pieces.


Innate Abilities, Weirdness & Mutations

You are a bat.
You are tiny and dextrous.
You move quickly.
You are flying.
Your equipment is almost entirely melded.
You are incapable of wielding weapons or throwing items.
You cannot cast spells.
You are very small and have problems with some larger weapons.
You are too small for most types of armour.
You have supernaturally acute eyesight. (SInv)
((You cover ground extremely quickly. (Speed+++)))


   Skills:
 + Level 6.5 Fighting
 - Level 2.1 Short Blades
 - Level 2.0 Throwing
 - Level 1.3 Dodging
 - Level 10.0 Stealth


You had 3 spell levels left.
You didn't know any spells.
Your spell library was empty.

Inventory:

Hand Weapons
 a - a +2 dagger (melded) {short}
Missiles
 d - 7 poisoned darts (quivered) {throwing}
Armour
 b - a +0 robe (melded)
 c - a +0 cloak (melded)
Wands
 l - a wand of flame (17)
   (You took it off Ijyb in the Dungeon)
Scrolls
 k - a scroll of blinking {!r}
Potions
 f - a potion of curing {@q1}
 g - a potion of heal wounds {@q2}
 h - a potion of haste {@q3}
 i - 2 potions of magic
 j - a potion of berserk rage {!q}

Dungeon Overview and Level Annotations

Branches:
Dungeon (1/1) Zot: 27000

Altars:

Annotations:
D Sigmund

#############
#<.#.(@..#..+
#..'..#b.'..#
#..#####'####
#.)# #..#
#..# ####
#..# #⌠⌠#
####


You could see Sigmund (invisible).


Message History

You take 8 damage, and now have 20/28 hp.
MASSIVE DAMAGE!! (PAUSE)
There is an open door here.
Sigmund laughs darkly.
Sigmund misses you.
There is an open door here.
You condense into your normal self.
Your +2 dagger {short} unmelds from your body.
Your +0 cloak unmelds from your body.
Your +0 robe unmelds from your body.
Throw: 9 darts (poison) {throwing}
Press: ? - help, Q - select action, (/) - cycle Shift-Dir - straight line, f - Sigmund
Aim: Sigmund, wielding a +0 scythe, wearing a +0 robe and carrying a wand of polymorph (7) (slightly transparent, 62% to hit)
You throw a poisoned dart {throwing}.
The poisoned dart {throwing} closely misses Sigmund.
Sigmund zaps a wand.
You easily resist.
Throw: 3 darts (curare) {=fthrowing}
Press: ? - help, Q - select action, (/) - cycle Shift-Dir - straight line, f/p - Sigmund
Aim: Sigmund, wielding a +0 scythe, wearing a +0 robe and carrying a wand of polymorph (6) (slightly transparent, 62% to hit)
You throw a curare-tipped dart {=fthrowing}.
The curare-tipped dart {=fthrowing} closely misses Sigmund.
Sigmund says, "Your kind have come here before.
I understand now why.
You desire death..."
Throw: 2 darts (curare) {=fthrowing}
Press: ? - help, Q - select action, (/) - cycle Shift-Dir - straight line, f/p - Sigmund
Aim: Sigmund, wielding a +0 scythe, wearing a +0 robe and carrying a wand of polymorph (6) (slightly transparent, 62% to hit)
You throw a curare-tipped dart {=fthrowing}.
The curare-tipped dart {=fthrowing} closely misses Sigmund.
Sigmund points at you and mumbles some strange words.
The puff of flame hits you!
* * * LOW HITPOINT WARNING * * *
HP[-7]
You take 7 damage, and now have 13/28 hp.
MASSIVE DAMAGE!! (PAUSE) Throw: dart (curare) {=fthrowing}
Press: ? - help, Q - select action, (/) - cycle Shift-Dir - straight line, f/p - Sigmund
Aim: Sigmund, wielding a +0 scythe, wearing a +0 robe and carrying a wand of polymorph (6) (slightly transparent, 62% to hit)
You throw a curare-tipped dart {=fthrowing}.
The curare-tipped dart {=fthrowing} closely misses Sigmund.
Sigmund misses you.
There is an open door here.
Throw: 8 darts (poison) {throwing}
Press: ? - help, Q - select action, (/) - cycle Shift-Dir - straight line, f/p - Sigmund
Aim: Sigmund, wielding a +0 scythe, wearing a +0 robe and carrying a wand of polymorph (6) (slightly transparent, 62% to hit)
You throw a poisoned dart {throwing}.
The poisoned dart {throwing} closely misses Sigmund.
Sigmund zaps a wand.
You turn into a bat.
Your +2 dagger {short} melds into your body.
Your +0 cloak melds into your body.
Your +0 robe melds into your body.
HP[+1]
You can't do that in your present form.
You can't do that in your present form.
Sigmund completely misses you.
You hit Sigmund. Sigmund closely misses you.
You barely miss Sigmund. You hit Sigmund but do no damage.
Sigmund barely misses you.
You barely miss Sigmund. You hit Sigmund but do no damage.
Sigmund says, "I'm your fate." Sigmund completely misses you.
You hit Sigmund but do no damage. Sigmund misses you.
You hit Sigmund but do no damage. You hit Sigmund but do no damage.
Sigmund completely misses you.
You hit Sigmund but do no damage. Sigmund hits you with a +0 scythe.
* * * LOW HITPOINT WARNING * * *
You hit Sigmund but do no damage.
HP[-2]
You take 2 damage, and now have 12/28 hp.
You hit Sigmund but do no damage. Sigmund closely misses you.
HP[+1]
You hit Sigmund but do no damage. You hit Sigmund but do no damage.
Sigmund gestures at you while chanting.
You are confused.
You bump into the rock wall.
Sigmund misses you.
You hit Sigmund but do no damage. Sigmund hits you with a +0 scythe.
* * * LOW HITPOINT WARNING * * *
You're too confused to move!
HP[-2]
You take 2 damage, and now have 11/28 hp.
You hit Sigmund but do no damage. Sigmund barely misses you.
You bump into the rock wall.
Sigmund barely misses you.
You hit Sigmund but do no damage. You hit Sigmund but do no damage.
Sigmund misses you.
You feel less confused.
There is an open door here.
Sigmund misses you.
You hit Sigmund.
HP[+1]
You hit Sigmund.
Your transformation is almost over.
Sigmund closely misses you.
You barely miss Sigmund. Sigmund hits you with a +0 scythe!
* * * LOW HITPOINT WARNING * * *
HP[-7]
You take 7 damage, and now have 5/28 hp.
MASSIVE DAMAGE!! (PAUSE)
You hit Sigmund but do no damage. You barely miss Sigmund.
Sigmund hits you with a +0 scythe!
You die...

Skill      XL: |  1  2 |
---------------+-------+-----
Stealth        | 10 | 10.0
Fighting       | 2 6 |  6.5
Short Blades   | |  2.1
Throwing       | |  2.0
Dodging        | |  1.3

Action                   |  1- 3 |  4- 6 || total
-------------------------+-------+-------++-------
Melee: Dagger            |     8 |       ||     8
       Unarmed           |       |    22 ||    22
Throw: Dart              |     5 |     5 ||    10
Evoke: Wand              |     1 |       ||     1
 Stab: Sleeping          |     1 |       ||     1
Dodge: Dodged            |     4 |    17 ||    21

Levels and vault maps discovered:
D:        dungeon_sprint_1 [red_sonja_temple_1, red_sonja_temple_small_1]

Notes
Turn   | Place    | Note
-------+----------+-------------------------------------------
     0 | D        | zeratav the Spriggan Brigand began the quest for the Orb.
     0 | D        | Reached XP level 1. HP: 10/10 MP: 2/2
     0 | D        | magus.rc [v1.9.6]
     1 | D        | Noticed Ijyb
    10 | D        | HP: 1/10 [Ijyb/puff of flame (7)]
    11 | D        | Killed Ijyb
    12 | D        | Reached skill level 10 in Stealth
    12 | D        | Reached skill level 2 in Fighting
    12 | D        | Reached XP level 2. HP: 2/16 MP: 3/3
   292 | D        | Noticed an ogre
   305 | D        | Killed an ogre
   306 | D        | Reached skill level 6 in Fighting
   306 | D        | Reached XP level 3. HP: 24/24 MP: 4/4
   306 | D        | Reached XP level 4. HP: 28/28 MP: 5/5
   427 | D        | Noticed Sigmund
   485 | D        | HP: 5/28 [Sigmund/+0 scythe (7)]
   487 | D        | Mangled by Sigmund

Vanquished Creatures
  An ogre (D)
  Ijyb (D)
2 creatures vanquished.

Table legend:
 A = Non-vault XP
 B = Vault XP
 C = Vault XP percentage of total XP
 D = Non-vault monster count
 E = Vault monster count
 F = Vault count percentage of total count
                 A         B        C        D         E       F
            +---------+---------+-------+---------+---------+-------
      Total |       0 |     154 | 100.0 |       0 |       2 | 100.0
            +---------+---------+-------+---------+---------+-------
          D |       0 |     154 | 100.0 |       0 |       2 | 100.0
            +---------+---------+-------+---------+---------+-------

Illustrated notes

Table legend:
 A = Kills in this place as a percentage of kills in entire the game.
 B = Kills by you in this place as a percentage of kills by you in the entire game.
 C = Kills by friends in this place as a percentage of kills by friends in the entire game.
 D = Other kills in this place as a percentage of other kills in the entire game.
 E = Experience gained in this place as a percentage of experience gained in the entire game.
 F = Experience gained in this place divided by the number of levels of this place that you have seen.
                   A       B       C       D       E      F
               +-------+-------+-------+-------+-------+----------------------
         Total | 100.0 | 100.0 |   N/A |   N/A | 100.0 | 154.0
       Dungeon | 100.0 | 100.0 |   N/A |   N/A | 100.0 | 154.0
               +-------+-------+-------+-------+-------+----------------------

Table legend: (Time is in decaauts)
 A = Elapsed time spent in this place.
 B = Non-inter-level travel time spent in this place.
 C = Inter-level travel time spent in this place.
 D = Time resting spent in this place.
 E = Time spent auto-exploring this place.
 F = Levels seen in this place.
 G = Mean time per level.
                   A        B        C        D        E       F      G
               +--------+--------+--------+--------+--------+-----+--------+
         Total |    470 |    470 |      0 |    378 |      0 |   1 |  470.0 |
       Dungeon |    470 |    470 |      0 |    378 |      0 |   1 |  470.0 |
               +--------+--------+--------+--------+--------+-----+--------+

Top non-repeatable levels by time:
       D: 470 daAuts
